 Dungeon Crawl Stone Soup version 0.26.1-12-g5ba1501909 (webtiles) character file.

Game seed: 12313771375875839850

19 lonewolfV2 the Vexing (level 2, -4/19 HPs)
             Began as a Vampire Enchanter on Dec 14, 2021.
             Slain by a worm (6 damage)
             ... on level 2 of the Dungeon.
             The game lasted 00:03:59 (1015 turns).

lonewolfV2 the Vexing (Vampire Enchanter)           Turns: 1015, Time: 00:04:00

Health: -4/19      AC:  2    Str:  7    XL:     2   Next: 55%
Magic:  0/5        EV: 13    Int: 13    God:
Gold:   54         SH:  0    Dex: 14    Spells: 2/5 levels left

rFire    . . .     SeeInvis +   a - +2 dagger
rCold    . . .     Faith    .   (no shield)
rNeg     . . .     Spirit   .   b - +0 robe
rPois    .         Reflect  .   (no helmet)
rElec    .         Harm     .   (no cloak)
rCorr    .         Rampage  .   (no gloves)
Will     +....                  (no boots)
Stlth    +++.......             (no amulet)
HPRegen  0.26/turn              g - ring of willpower
MPRegen  0.09/turn              e - -4 ring of intelligence

@: lethally poisoned (-4 -> -6), very slightly contaminated, regenerating
quickly, invisible
A: fangs 3, see invisible, unbreathing
a: Exsanguinate


You were on level 2 of the Dungeon.
You visited 1 branch of the dungeon, and saw 2 of its levels.

You collected 54 gold pieces.

Inventory:

Hand Weapons
 a - a +2 dagger (weapon)
Armour
 b - a +0 robe (worn)
Jewellery
 e - a -4 ring of intelligence (right hand)
 g - a ring of willpower (left hand)


   Skills:
 + Level 1.1 Short Blades
 + Level 2.3 Dodging
 + Level 4.7 Stealth
 + Level 2.3 Spellcasting
 + Level 5.1 Hexes


You had 2 spell levels left.
You knew the following spells:

 Your Spells              Type           Power        Failure   Level
a - Corona                Hex            15%          3%          1
b - Ensorcelled Hibernat  Hex/Ice        16%          13%         2

Your spell library contained the following spells:

 Spells                   Type           Power        Failure   Level
 Confusing Touch          Hex            14%          9%          3
 Tukima's Dance           Hex            14%          9%          3
 Dazzling Flash           Conj/Hex       16%          26%         3


Dungeon Overview and Level Annotations

Branches:
Dungeon (2/15)

Altars:


Innate Abilities, Weirdness & Mutations

Your natural rate of healing is unusually fast.
You have razor-sharp teeth.
You have supernaturally acute eyesight. (SInv)
You can survive without breathing.


Message History

The adder is moderately wounded.
The adder closely misses you. The goblin closely misses you.
The adder closely misses you.
You hit the adder.
The adder is moderately wounded.
* * * LOW HITPOINT WARNING * * *
You feel sick. The adder closely misses you. The adder misses you.
The goblin hits you.
* * * LOW HITPOINT WARNING * * *
The worm closely misses you.
It was a potion of invisibility.
You fade into invisibility!
* * * LOW HITPOINT WARNING * * *
You feel sick. The adder barely misses you. The adder misses you.
The goblin completely misses you. The adder closely misses you.
As you read the scroll of remove curse, it crumbles to dust.
You feel as if something is helping you.
The adder barely misses you. The adder closely misses you.
The goblin closely misses you. The worm bites you.
You die...

.# .8 ##
#####. ......
#######....
#>......#
#.......#
#....@w.#
#...SSg.....#
#.......#..##
#....).?# .#
#?....... #
#.........
#.......#..
#########...


You could see a worm (corona), 2 adders and a goblin.

Vanquished Creatures
  2 dart slugs (D:1)
  A giant cockroach (D:1)
  A goblin (D:1)
  2 hobgoblins (D:1)
  2 bats (D:1)
  3 kobolds (D:1)
  5 rats (D:1)
16 creatures vanquished.

Notes
Turn   | Place    | Note
-------+----------+-------------------------------------------
     0 | D:1      | lonewolfV2 the Vampire Enchanter began the quest for the
                  | Orb.
     0 | D:1      | Reached XP level 1. HP: 13/13 MP: 3/3
   267 | D:1      | Reached XP level 2. HP: 15/19 MP: 3/5
   367 | D:1      | Reached skill level 5 in Hexes
   928 | D:1      | Learned a level 2 spell: Ensorcelled Hibernation
  1015 | D:2      | Slain by a worm

Illustrated notes

Levels and vault maps discovered:
D:1:      minmay_arrival_four_loops, layout_basic
D:2:      layout_rooms, nicolae_overflow_hidden_temple

Skill      XL: |  1  2 |
---------------+-------+-----
Hexes          | 5 |  5.1
Short Blades   | |  1.1
Dodging        | |  2.3
Stealth        | |  4.7
Spellcasting   | |  2.3

Action                   || total
-------------------------++-------
Melee: Dagger            ||    58
       Bite              ||     6
 Cast: Corona            ||    23
  Use: Scroll            ||     7
       Potion            ||     1
 Stab: Sleeping          ||     1
Armor: Robe              ||    16
Dodge: Dodged            ||    65
